 Dungeon Crawl Stone Soup version 0.21.0-3-g78d12a8 (webtiles) character file.

63 tidbits the Caller (level 3, -6/14 HPs)
             Began as a Felid Summoner on Jan 8, 2018.
             Mangled by an orc
             ... wielding a +0 hand axe
              (9 damage)
             ... on level 3 of the Dungeon.
             The game lasted 00:10:41 (1677 turns).

tidbits the Caller (Felid Summoner)                 Turns: 1677, Time: 00:10:42

Health: -6/14      AC:  1    Str:  5    XL:     3   Next: 89%
Magic:  6/7        EV: 18    Int: 16    God:
Gold:   86         SH:  0    Dex: 16    Spells: 3/6 levels left
                                        Lives:  0   Deaths: 0

rFire    . . .     SeeInvis +     - Unarmed
rCold    . . .     Gourm    .   (shield unavailable)
rNeg     . . .     Faith    .   (armour unavailable)
rPois    .         Spirit   .   (helmet unavailable)
rElec    .         Reflect  .   (cloak unavailable)
rCorr    .         Harm     .   (gloves unavailable)
MR       +....                  (boots unavailable)
Stlth    +++.......             g - amulet of rage
HPRegen  0.04/turn              m - ring of protection from magic
MPRegen  0.10/turn              (no ring)

@: quick
A: very small, no armour, no weapons or thrown items, stealth, claws 1, fangs 3,
see invisible, carnivore, speed 1, shaggy fur 1, slow metabolism 1, sharp paws
a: Evoke Berserk Rage


You were on level 3 of the Dungeon.
You were full.

You visited 1 branch of the dungeon, and saw 4 of its levels.

You collected 86 gold pieces.

Inventory:

Jewellery
 g - an amulet of rage (around neck)
   (You found it on level 2 of the Dungeon)
 m - a ring of protection from magic (left paw)
   (You found it on level 2 of the Dungeon)
Scrolls
 b - a scroll of blinking {unknown}
 e - a scroll of remove curse {unknown}
 h - a scroll of teleportation {unknown}
 i - 3 scrolls of identify {unknown}
 j - a scroll of magic mapping {unknown}
 l - a scroll of fear {unknown}
Potions
 d - 3 potions of curing
 f - a potion of resistance {unknown}
 k - a potion of lignification {unknown}
 n - a potion of degeneration {unknown}
 o - a potion of magic {unknown}
 p - a potion of flight {unknown}
Books
 a - a book of Callings

   Spells                             Type                      Level
   a - Summon Small Mammal            Summoning                    1
   b - Call Imp                       Summoning                    2
   c - Call Canine Familiar           Summoning                    3
   d - Summon Guardian Golem          Hexes/Summoning              3
   e - Summon Lightning Spire         Summoning/Air                4
   f - Summon Ice Beast               Ice/Summoning                4
Comestibles
 c - 4 rations


   Skills:
 - Level 2.6 Dodging
 + Level 3.4 Stealth
 + Level 3.2 Unarmed Combat
 - Level 2.0 Spellcasting
 - Level 4.0 Summonings


You had 3 spell levels left.
You knew the following spells:

 Your Spells              Type           Power        Failure   Level  Hunger
a - Summon Small Mammal   Summ           ##..         4%          1    #......
i - Call Imp              Summ           ##......     6%          2    ###....


Dungeon Overview and Level Annotations

Branches:
Dungeon (4/15)
 Temple: D:4-7

Altars:
Dithmenos
Fedhas
Gozag
Hepliaklqana
Trog
Zin


Innate Abilities, Weirdness & Mutations

You cannot wear armour.
You are incapable of wielding weapons or throwing items.
Your paws allow you to move quietly. (Stealth)
You have sharp claws.
You have razor-sharp teeth.
You have supernaturally acute eyesight. (SInv)
You are carnivorous and can eat meat at any time.
You cover ground quickly.
You are covered in fur. (AC +1)
You have a slow metabolism.
Your sharp claws are effective at attacking unaware monsters.


Message History

Your rat disappears in a puff of smoke!
A worm comes into view.
c - 4 rations (gained 1)
A dart slug comes into view.
The dart slug misses you.
Casting: Call Imp
Confirm with . or Enter, or press ? or * to list all spells.
The dart slug closely misses you.
Your quokka bites the dart slug.
Casting: Summon Small Mammal
Confirm with . or Enter, or press ? or * to list all spells.
The dart slug bites you.
* * * LOW HITPOINT WARNING * * *
Your quokka bites the dart slug.
Your bat hits the dart slug but does no damage.
Your quokka bites the dart slug but does no damage.
The dart slug launches a dart at your quokka.
The slug dart hits your quokka.
You scratch the dart slug.
The dart slug is almost dead.
Your bat hits the dart slug.
The dart slug dies!
A kobold comes into view.
An adder comes into view.
The kobold moves out of view.
Casting: Summon Small Mammal
Confirm with . or Enter, or press ? or * to list all spells.
A beastly little devil appears in a puff of flame.
Casting: Call Imp
Confirm with . or Enter, or press ? or * to list all spells.
A beastly little devil appears in a puff of flame.
What are your orders? t - Meow!
Orders for allies: a - Attack new target. r - Retreat! s - Stop attacking. g - Guard the area. f - Follow me.
Anything else - Cancel.
Gang up on whom?
Press: ? - help, Dir - move target cursor, f - kobold
Aim: a kobold Attack!
The kobold barely misses your crimson imp.
Your bat closely misses the kobold.
Your crimson imp closely misses the kobold.
The kobold hits your crimson imp but does no damage.
Your quokka barely misses the kobold.
Your crimson imp hits the kobold but does no damage.
The kobold misses your crimson imp.
Your crimson imp closely misses the kobold.
Your quokka closely misses the kobold.
The kobold barely misses your crimson imp.
Your crimson imp barely misses the kobold.
Your quokka closely misses the kobold.
Your crimson imp hits the kobold but does no damage.
Found a hazy altar of Hepliaklqana.
Your bat hits the kobold but does no damage.
The kobold hits your crimson imp.
Your crimson imp barely misses the kobold.
Your crimson imp misses the kobold.
The kobold misses your crimson imp.
Your crimson imp misses the kobold.
Your bat barely misses the kobold.
Your crimson imp hits the kobold.
Your bat hits the kobold but does no damage.
The kobold closely misses your crimson imp.
Your crimson imp blinks! x2
The helpless adder fails to defend itself.
You claw the adder!
The adder is almost dead.
Your bat closely misses the kobold.
Your quokka barely misses the kobold.
The adder barely misses you.
Your bat misses the kobold.
Your crimson imp hits the kobold.
The kobold dies!
The adder closely misses your crimson imp.
Your crimson imp hits the adder.
The adder dies!
You swap places.
Your quokka disappears in a puff of smoke!
Your crimson imp blinks!
Your crimson imp disappears in a puff of smoke!
Your bat disappears in a puff of smoke!
You see here a leather armour.
Magic restored.
There is a stone staircase leading down here.
You climb downwards.
The crimson imp blinks!
The orc hits you with a hand axe.
* * * LOW HITPOINT WARNING * * *
The orc throws a steel tomahawk.
The steel tomahawk barely misses you.
There is a stone staircase leading up, spattered with blood here.
You see here a steel tomahawk.
Unknown command.
The orc barely misses you.
You climb upwards.
There is a stone staircase leading down here.
Unknown command.
Casting: Call Imp
Confirm with . or Enter, or press ? or * to list all spells.
The orc misses you.
The orc hits your quokka with a hand axe.
Your quokka bites the orc but does no damage.
The orc hits you with a hand axe!
Ouch! That really hurt!
You die...

#.......# #.# #.#
#.......######.# #.#
####.##.....)..#
###.# #.###########
#...# #.## #########
#.### #..#
#.......####.## ##.#
#.............#####
#.#
#.......##.#..##...
#.#
#.@.#...##.#.......
#.##
#..o..........##...
#..#
#..)r...........###
##.#
#..........#รท.#.#
#.# ########..#...#.#
#.###.######..#.#.#.#
#.##.#.<......#.#.#.#
#.#.###.####......[.#
#).##
##..##.##.#######


You could see an orc and a friendly quokka.

Vanquished Creatures
  2 dart slugs
  2 leopard geckos
  2 bats (D:1)
  A giant cockroach (D:2)
  3 hobgoblins
  2 jackals (D:3)
  2 quokkas (D:3)
  2 frilled lizards
  6 kobolds
  2 rats (D:3)
24 creatures vanquished.

Vanquished Creatures (collateral kills)
  2 adders
  A worm (D:2)
  3 dart slugs
  A giant cockroach (D:1)
  2 goblins (D:1)
  2 hobgoblins
  2 kobolds
  4 bats
  2 rats (D:2)
19 creatures vanquished.

Grand Total: 43 creatures vanquished

Notes
Turn   | Place    | Note
-------+----------+-------------------------------------------
     0 | D:1      | tidbits the Felid Summoner began the quest for the Orb.
     0 | D:1      | Reached XP level 1. HP: 7/7 MP: 4/4
   156 | D:1      | Reached skill level 1 in Unarmed Combat
   432 | D:1      | Reached XP level 2. HP: 2/11 MP: 1/6
   436 | D:1      | Learned a level 2 spell: Call Imp
   685 | D:1      | Reached skill level 2 in Unarmed Combat
   830 | D:2      | HP: 1/11 [rat (3)]
   980 | D:2      | Reached XP level 3. HP: 11/14 MP: 3/7
  1020 | D:2      | Found a blossoming altar of Fedhas.
  1236 | D:3      | Reached skill level 3 in Unarmed Combat
  1324 | D:3      | HP: 1/14 [orc wizard/puff of frost (10)]
  1374 | D:3      | Reached skill level 3 in Stealth
  1390 | D:3      | Found an opulent altar of Gozag.
  1437 | D:3      | Found a shadowy altar of Dithmenos.
  1540 | D:3      | Found an opulent altar of Gozag.
  1543 | D:3      | Found a bloodstained altar of Trog.
  1545 | D:3      | Found a glowing silver altar of Zin.
  1611 | D:3      | Found a hazy altar of Hepliaklqana.
  1677 | D:3      | Mangled by an orc

Skill      XL: |  1  2  3 |
---------------+----------+-----
Unarmed Combat | 1 2 3 |  3.2
Stealth        | 3 |  3.4
Dodging        | |  2.6
Spellcasting   | |  2.0
Summonings     | |  4.0

Action                   || total
-------------------------++-------
Melee: Unarmed           ||    78
       Bite              ||     8
       Punch             ||     2
 Cast: Summon Small Mamm ||    39
       Call Imp          ||    10
  Use: Potion            ||     2
 Stab: Sleeping          ||    12
  Eat: Chunk             ||     8
Armor: Skin              ||     2
Dodge: Dodged            ||    93

Table legend:
 A = Turns spent in this place as a percentage of turns spent in the entire game.
 B = Non-inter-level travel turns spent in this place as a percentage of non-inter-level travel turns spent in the entire game.
 C = Inter-level travel turns spent in this place as a percentage of turns spent in this place.
 D = Turns resting spent in this place as a percentage of non-inter-level travel turns spent in this place.
 E = Turns spent auto-exploring this place as a percentage of non-inter-level travel turns spent in this place.
 F = Non-inter-level travel turns spent in this place divided by the number of levels of this place that you've seen.
                   A       B       C       D       E      F
               +-------+-------+-------+-------+-------+----------------------
         Total | 100.0 | 100.0 |   6.9 |   0.0 |   3.4 | 390.5
       Dungeon | 100.0 | 100.0 |   6.9 |   0.0 |   3.4 | 390.5
               +-------+-------+-------+-------+-------+----------------------

Table legend:
 A = Kills in this place as a percentage of kills in entire the game.
 B = Kills by you in this place as a percentage of kills by you in the entire game.
 C = Kills by friends in this place as a percentage of kills by friends in the entire game.
 D = Other kills in this place as a percentage of other kills in the entire game.
 E = Experience gained in this place as a percentage of experience gained in the entire game.
 F = Experience gained in this place divided by the number of levels of this place that you have seen.
                   A       B       C       D       E      F
               +-------+-------+-------+-------+-------+----------------------
         Total | 100.0 | 100.0 | 100.0 |   N/A | 100.0 |  22.8
       Dungeon | 100.0 | 100.0 | 100.0 |   N/A | 100.0 |  22.8
               +-------+-------+-------+-------+-------+----------------------

Vault maps used:
D:1:      onia_arrival_mini_spirals
D:2:      lemuel_doored_altar, first_ration
D:3:      lemuel_coloured_pillars_altar, grunt_temple_overflow_diamond,
          grunt_dithmenos_smoke, grunt_gozag_statues
D:4:      cheibrodos_pilgrimage, lemuel_crystal_altar, serial_glass,
          glass_columns_b, glass_columns_a, item_on_display_a, serial_shops,
          shop_statue, minivault_5, minmay_misc_feat_square
